[Event "Titled Tuesday Blitz July 4 Late 2023"]
[White "Taboas Rodriguez, Daniel"]
[Black "Tristan, Leonardo"]
[WhiteFideId "2208466"]
[BlackFideId "113816"]
[WhiteElo "2493"]
[BlackElo "2781"]
[Result "1/2-1/2"]
[Round "8"]
[TimeControl "180+2"]
[Date "2023.07.04"]
[WhiteClock "0:00:32"]
[BlackClock "0:00:12"]
[Board "30"]

1. d4 d5 2. Nf3 Nf6 3. c4 e6 4. Nc3 a6 5. cxd5 exd5 6. Bg5 Be6 7. Qb3 Nbd7 8. e3 b5 9. Be2 c5 10. O-O c4 11. Qc2 h6 12. Bh4 Be7 13. Ne5 Nxe5 14. dxe5 Nd7 15. Bg3 g6 16. Rad1 Nb6 17. Nxd5 Nxd5 18. e4 Ra7 19. exd5 Bxd5 20. Bf3 Rd7 21. Bxd5 Rxd5 22. e6 O-O 23. exf7+ Kxf7 24. Rxd5 Qxd5 25. Rd1 Qf5 26. Qe2 Bf6 27. h3 Re8 28. Qd2 Rd8 29. Qe2 Rxd1+ 30. Qxd1 Bxb2 31. Qd6 c3 32. Be5 Qe6 33. Qc7+ Ke8 34. Qb8+ Kd7 35. Qc7+ Ke8 36. Qb8+ Ke7 37. Qc7+ Qd7 38. Qc5+ Ke6 39. Bxc3 Bxc3 40. Qxc3 Qd1+ 41. Kh2 Qd6+ 42. g3 Qd5 43. a3 h5 44. h4 Kd6 45. Qf6+ Qe6 46. Qd8+ Kc5 47. Qa5 Kc4 48. Qb4+ Kd3 49. a4 Qc6 50. Qb3+ Ke2 51. Qe3+ Kd1 52. Qd3+ Kc1 53. Qa3+ Kc2 54. Qa2+ Kc3 55. Qa3+ Kd4 56. Qb4+ Kd5 57. Qd2+ Kc5 58. Qc3+ Kd5 59. Qd3+ Kc5 60. Qc3+ Kd6 61. Qf6+ Kc7 62. Qe7+ Kb6 63. Qd8+ Kc5 64. Qe7+ Kc4 65. Qe2+ Kb4 66. axb5 axb5 67. Qb2+ Ka4 68. Qa2+ Kb4 69. Qb2+ Ka5 70. Qa3+ Kb6 71. Qe3+ Kc7 72. Qe7+ Kb6 73. Qe3+ Kb7 74. Qe7+ Kc8 75. Qf8+ Kd7 76. Qf7+ Kd8 77. Qf8+ Kc7 78. Qe7+ Kb6 79. Qe3+ 1/2-1/2


[Site "https://www.chess.com"]

[Event "Titled Tuesday Blitz July 4 Late 2023"]
[White "Grigoriants, Sergey"]
[Black "only_strong_moves"]
[WhiteFideId "4130804"]
[WhiteElo "2856"]
[BlackElo "2519"]
[Result "1-0"]
[Round "8"]
[TimeControl "180+2"]
[Date "2023.07.04"]
[WhiteClock "0:00:06"]
[BlackClock "0:00:01"]
[Board "31"]

1. d4 d5 2. c4 e6 3. Nc3 Nf6 4. cxd5 exd5 5. Bg5 c6 6. e3 Bd6 7. Bd3 h6 8. Bh4 O-O 9. Qc2 a5 10. Nf3 Na6 11. a3 Nc7 12. O-O Ne6 13. Ne5 g5 14. Bg3 Nh5 15. Ne2 f6 16. Bh7+ Kh8 17. Ng6+ Kg7 18. Nxf8 Nxf8 19. Bf5 Bxf5 20. Qxf5 Kf7 21. e4 Ng7 22. Qf3 dxe4 23. Qb3+ Kg6 24. Qxb7 Rb8 25. Qxc6 Bxg3 26. Nxg3 Qxd4 27. Rad1 Qe5 28. Rd5 Qe7 29. Rxa5 Rxb2 30. Qxe4+ Qxe4 31. Nxe4 Nfe6 32. Ra6 Kf5 33. Nd6+ Kg6 34. a4 Nc5 35. Rc6 Nxa4 36. Ne4 Rb6 37. Rxb6 Nxb6 38. Rd1 Nc4 39. h3 h5 40. Rc1 Ne5 41. Ra1 Kf5 42. Ng3+ Kg6 43. Ra6 Ne8 44. Ne4 Kf5 45. Nd6+ Nxd6 46. Rxd6 g4 47. h4 Ng6 48. Rd5+ Ne5 49. Kh2 Ke6 50. Ra5 Kf5 51. Kg3 Ke4 52. Ra4+ Kf5 53. Rf4+ Ke6 54. Rb4 Kf5 55. Ra4 Nf7 56. Rf4+ Kg6 57. f3 f5 58. Ra4 Nd8 59. Kf4 Ne6+ 60. Ke5 Nc5 61. Ra3 gxf3 62. gxf3 Nd7+ 63. Ke6 Nf8+ 64. Kd6 Nh7 65. Ra6 Nf6 66. Ke5 1-0


[Site "https://www.chess.com"]

[Event "Titled Tuesday Blitz July 4 Late 2023"]
[White "He, Anthony"]
[Black "Guerra Tulcan, Lenin"]
[WhiteFideId "2088215"]
[BlackFideId "3601382"]
[WhiteElo "2948"]
[BlackElo "2656"]
[Result "1-0"]
[Round "8"]
[TimeControl "180+2"]
[Date "2023.07.04"]
[WhiteClock "0:01:29"]
[BlackClock "0:00:10"]
[Board "32"]

1. d4 Nf6 2. Nc3 e6 3. Bf4 b6 4. e4 Bb7 5. Bd3 Be7 6. Nf3 O-O 7. O-O d6 8. Qe2 Nbd7 9. Rad1 a6 10. h3 Re8 11. Bh2 Nf8 12. e5 Nd5 13. Ne4 Ng6 14. Qd2 dxe5 15. Nxe5 Nf6 16. Ng5 Qd5 17. Ngf3 Rad8 18. c4 Qa5 19. Qxa5 bxa5 20. Ng5 Nh8 21. Bc2 c5 22. Ba4 Rf8 23. Bc6 Bc8 24. d5 exd5 25. cxd5 h6 26. Ngf3 Bd6 27. Rfe1 Bf5 28. Nc4 Bxh2+ 29. Kxh2 Be4 30. Nxa5 Bxd5 31. Bxd5 Rxd5 32. Rxd5 Nxd5 33. Re5 Rd8 34. Nc6 Rd6 35. Rxd5 Rxc6 36. Ne5 Rc7 37. Rd6 Kh7 38. Rxa6 f6 39. Nc4 Ng6 40. a4 Nf4 41. a5 Nd3 42. Kg3 Nb4 43. Rb6 Ra7 44. Rb5 Nd3 45. Kf3 Kg6 46. Ke3 Rd7 47. Nb6 Rd6 48. a6 Nb4 49. a7 Rxb6 50. a8=Q Rxb5 51. Qe8+ Kg5 52. Qxb5 Nc2+ 53. Kd2 Nd4 54. Qxc5+ 1-0


[Site "https://www.chess.com"]

[Event "Titled Tuesday Blitz July 4 Late 2023"]
[White "Di Berardino, Diego Rafael"]
[Black "Rustemov, Alexander"]
[WhiteFideId "2105446"]
[BlackFideId "4119002"]
[WhiteElo "2624"]
[BlackElo "2803"]
[Result "0-1"]
[Round "8"]
[TimeControl "180+2"]
[Date "2023.07.04"]
[WhiteClock "0:00:00"]
[BlackClock "0:00:35"]
[Board "33"]

1. d4 g6 2. c4 Bg7 3. e4 d6 4. Nc3 Nc6 5. Be3 e5 6. d5 Nce7 7. Bd3 f5 8. f3 Nf6 9. Nge2 O-O 10. O-O f4 11. Bf2 g5 12. g4 h5 13. h3 hxg4 14. hxg4 Nxg4 15. fxg4 Bxg4 16. Qd2 Qd7 17. Ng3 Kf7 18. Nf5 Rh8 19. Kg2 Bh3+ 20. Kf3 Nxf5 21. exf5 Bxf5 22. Ne4 Bg4+ 23. Kg2 Bh3+ 24. Kg1 Bxf1 25. Kxf1 Rh1+ 26. Bg1 g4 27. Ng5+ Ke7 28. Ne6 Bf6 29. Qg2 Rh4 30. Bf5 Qa4 31. b3 Qb4 32. Re1 Kf7 33. Nxf4 exf4 34. Qe4 Qc3 35. Qe6+ Kf8 0-1


[Site "https://www.chess.com"]

[Event "Titled Tuesday Blitz July 4 Late 2023"]
[White "Raja Rithvik R"]
[Black "Moksh Amit Doshi"]
[WhiteFideId "35007394"]
[BlackFideId "25064967"]
[WhiteElo "2785"]
[BlackElo "2598"]
[Result "1-0"]
[Round "8"]
[TimeControl "180+2"]
[Date "2023.07.04"]
[WhiteClock "0:00:02"]
[BlackClock "0:00:00"]
[Board "34"]

1. Nf3 d5 2. c4 d4 3. b4 c5 4. bxc5 Nf6 5. g3 Nc6 6. Bg2 e5 7. d3 Bxc5 8. O-O O-O 9. Nbd2 Re8 10. Nb3 Bf8 11. Rb1 h6 12. Nfd2 Bf5 13. Bb2 Qd7 14. Qc1 a5 15. Ba3 Nb4 16. Qb2 Qa4 17. Bxb4 Qxb4 18. Na1 Rab8 19. Rfd1 Rec8 20. Nc2 Qc5 21. Qb5 Qc7 22. Bxb7 Bd7 23. Qa6 Re8 24. Bf3 Re6 25. Rb7 Rxa6 26. Rxc7 Ba4 27. Nb3 Bxb3 28. axb3 Rxb3 29. Rb7 a4 30. Ra1 Rc3 31. Nb4 Bxb4 32. Rxb4 a3 33. Ra2 g5 34. h3 h5 35. Rb5 g4 36. hxg4 hxg4 37. Bb7 Ra7 38. Bc8 Ra8 39. Bf5 Kg7 40. Rxe5 Rb8 41. Rb5 Rxb5 42. cxb5 Nd5 43. Bd7 Nb4 44. Ra1 Rc4 45. dxc4 1-0


[Site "https://www.chess.com"]

[Event "Titled Tuesday Blitz July 4 Late 2023"]
[White "Morefield, Jason"]
[Black "Vdovin, Vadim"]
[WhiteFideId "30920825"]
[BlackFideId "24107158"]
[WhiteElo "2762"]
[BlackElo "2594"]
[Result "1-0"]
[Round "8"]
[TimeControl "180+2"]
[Date "2023.07.04"]
[WhiteClock "0:00:16"]
[BlackClock "0:00:02"]
[Board "35"]

1. e4 c5 2. Nf3 d6 3. d4 cxd4 4. Nxd4 Nf6 5. Nc3 a6 6. Be2 e5 7. Nb3 Be7 8. Be3 Be6 9. Nd5 Nbd7 10. Qd3 Bxd5 11. exd5 Rc8 12. c4 O-O 13. O-O a5 14. Kh1 Re8 15. Rae1 a4 16. Nd2 Nc5 17. Qb1 b5 18. b4 axb3 19. axb3 bxc4 20. Bxc4 Nfd7 21. b4 Na4 22. Qb3 Ra8 23. Bb5 Nab6 24. Bxb6 Nxb6 25. Bxe8 Qxe8 26. Nc4 Qb5 27. Nxb6 Qxb6 28. f4 Bf6 29. fxe5 Bxe5 30. Qc4 g6 31. Qc6 Qa7 32. b5 Rb8 33. Rb1 Rb6 34. Qe8+ Kg7 35. Rbc1 f5 36. Rc8 Kh6 37. Qf8+ Bg7 38. Qd8 Kh5 39. Rc7 Rb7 40. Rxb7 Qxb7 41. Qxd6 Qxb5 42. Rg1 Qd3 43. Qc6 Be5 44. Qd7 Kh6 45. Qe6 Qd4 46. Re1 Bb8 47. Qe3+ Qxe3 48. Rxe3 Kg5 49. Re6 f4 50. d6 Kf5 51. d7 Kxe6 52. d8=Q Be5 53. Qe8+ Kf5 54. Qf7+ Bf6 55. Qxh7 Kg5 56. h4+ Kf5 57. h5 1-0


[Site "https://www.chess.com"]

[Event "Titled Tuesday Blitz July 4 Late 2023"]
[White "Ozer, Omer Faruk"]
[Black "ATM622"]
[WhiteFideId "6354564"]
[WhiteElo "2752"]
[BlackElo "2568"]
[Result "0-1"]
[Round "8"]
[TimeControl "180+2"]
[Date "2023.07.04"]
[WhiteClock "0:00:01"]
[BlackClock "0:00:23"]
[Board "36"]

1. d4 Nf6 2. c4 e6 3. Nc3 Bb4 4. f3 d5 5. a3 Bxc3+ 6. bxc3 O-O 7. e3 b6 8. cxd5 exd5 9. Bd3 Bb7 10. Ne2 c5 11. O-O Nc6 12. Ng3 Re8 13. Ra2 Qc7 14. Re2 Rad8 15. Bb2 Ne7 16. e4 dxe4 17. fxe4 Ng6 18. e5 Nd5 19. Qd2 cxd4 20. cxd4 f6 21. exf6 Nxf6 22. Rxe8+ Rxe8 23. Nf5 Ng4 24. Ng3 Qc6 25. h3 Ne3 26. Re1 Nxg2 27. Be4 Rxe4 28. Rxe4 N2h4 29. Qe2 Qd7 30. Qg4 Qxg4 31. Rxg4 Bf3 32. Rg5 h6 33. Rb5 Nf4 34. Kf2 Bc6 35. Re5 Nd3+ 36. Ke3 Nxb2 37. Re7 a5 38. Rc7 Bd5 39. Rd7 Bg2 40. d5 Nc4+ 41. Kd4 Nxa3 42. d6 Bxh3 43. Rd8+ Kf7 44. Ne4 Nf5+ 45. Kd5 Bg2 46. Ke5 g6 47. Nf6 Nc4+ 48. Kf4 Kxf6 49. d7 Ke7 50. Re8+ Kxd7 51. Re2 Bd5 52. Rd2 Nxd2 0-1


[Site "https://www.chess.com"]

[Event "Titled Tuesday Blitz July 4 Late 2023"]
[White "Golubev, Mikhail"]
[Black "Mahdavi, Reza"]
[WhiteFideId "14100983"]
[BlackFideId "12595926"]
[WhiteElo "2565"]
[BlackElo "2747"]
[Result "1-0"]
[Round "8"]
[TimeControl "180+2"]
[Date "2023.07.04"]
[WhiteClock "0:00:17"]
[BlackClock "0:00:54"]
[Board "37"]

1. e4 c5 2. Nf3 d6 3. d4 cxd4 4. Nxd4 Nf6 5. Nc3 a6 6. Bc4 e6 7. O-O Be7 8. Bb3 O-O 9. f4 Nbd7 10. Be3 Nc5 11. Qf3 Qc7 12. g4 b5 13. g5 Nfd7 14. a3 Bb7 15. Ba2 Rfe8 16. f5 Ne5 17. Qh3 exf5 18. exf5 Nc4 19. g6 fxg6 20. fxg6 h6 21. Bxh6 gxh6 22. Qxh6 Bf8 23. Qh4 Qe7 24. Rxf8+ 1-0


[Site "https://www.chess.com"]

[Event "Titled Tuesday Blitz July 4 Late 2023"]
[White "Rodriguez, Santiago"]
[Black "Weetik, Vjacheslav"]
[WhiteFideId "3000591"]
[BlackFideId "4153472"]
[WhiteElo "2546"]
[BlackElo "2727"]
[Result "0-1"]
[Round "8"]
[TimeControl "180+2"]
[Date "2023.07.04"]
[WhiteClock "0:00:00"]
[BlackClock "0:01:06"]
[Board "38"]

1. d4 Nf6 2. Bg5 d5 3. Bxf6 gxf6 4. e3 c5 5. c4 e5 6. cxd5 cxd4 7. exd4 Qxd5 8. Nc3 Qxd4 9. Bb5+ Nc6 10. Qf3 Bd7 11. Rd1 Qf4 12. Qd5 O-O-O 13. Qxf7 Bb4 14. Ne2 Qg5 15. O-O Rhg8 16. g3 f5 17. Nd5 Rg7 18. Qxg7 Qxg7 19. Bxc6 Bxc6 20. Nxb4 Rxd1 21. Rxd1 Bf3 22. Rc1+ Kb8 23. Nc3 Qh6 24. Nd3 Qd2 25. Ne1 Qxc1 0-1


[Site "https://www.chess.com"]

[Event "Titled Tuesday Blitz July 4 Late 2023"]
[White "Goryachkina, Aleksandra"]
[Black "Janturin, Artur"]
[WhiteFideId "4147103"]
[BlackFideId "4130022"]
[WhiteElo "2715"]
[BlackElo "2515"]
[Result "0-1"]
[Round "8"]
[TimeControl "180+2"]
[Date "2023.07.04"]
[WhiteClock "0:00:00"]
[BlackClock "0:00:36"]
[Board "39"]

1. e4 e6 2. d4 d5 3. Nd2 Nf6 4. e5 Nfd7 5. Bd3 c5 6. c3 Nc6 7. Ne2 cxd4 8. cxd4 f6 9. exf6 Qxf6 10. Nf3 h6 11. O-O Bd6 12. Be3 O-O 13. Rc1 Rd8 14. Ng3 Nf8 15. Re1 Bd7 16. a3 Be8 17. Qe2 Rac8 18. Qd2 Rc7 19. Rc3 Rdc8 20. Rec1 a6 21. R3c2 Bg6 22. Bxg6 Nxg6 23. Ne2 Rf7 24. Rc3 Rcf8 25. Qc2 Nh4 26. Nxh4 Qxh4 27. g3 Qh3 28. Qd2 Ne7 29. Bf4 Ng6 30. Be3 Nh4 0-1


[Site "https://www.chess.com"]

[Event "Titled Tuesday Blitz July 4 Late 2023"]
[White "Shapiro, Viktor"]
[Black "Papasimakopoulos, Alexandros"]
[WhiteFideId "4175700"]
[BlackFideId "4244125"]
[WhiteElo "2483"]
[BlackElo "2684"]
[Result "0-1"]
[Round "8"]
[TimeControl "180+2"]
[Date "2023.07.04"]
[WhiteClock "0:00:00"]
[BlackClock "0:00:17"]
[Board "40"]

1. c4 f5 2. g3 Nf6 3. Nc3 g6 4. Bg2 Bg7 5. d3 O-O 6. Nf3 d6 7. O-O Nc6 8. Rb1 a5 9. a3 e5 10. b4 axb4 11. axb4 h6 12. b5 Ne7 13. c5 Be6 14. b6 c6 15. cxd6 Qxd6 16. e4 Rfd8 17. Bb2 Qxd3 18. Qxd3 Rxd3 19. Nxe5 Rd2 20. Ra1 Rxa1 21. Bxa1 Nxe4 22. Nxe4 fxe4 23. Bxe4 Bd5 24. Bxd5+ Nxd5 25. Nxg6 Nxb6 26. Bxg7 Kxg7 27. Nf4 Nc4 28. Re1 b5 29. Re6 Rd6 30. Re7+ Kf6 31. Rb7 Ke5 32. h4 Kd4 33. Kg2 Kc3 34. Ne2+ Kb3 35. g4 b4 36. f4 c5 37. g5 h5 38. Kf2 Rd8 39. f5 Nd6 40. Rc7 Nxf5 41. Rxc5 Nxh4 42. Nf4 Ka2 43. Ra5+ Kb2 44. Kg3 Rd4 45. Ne6 Rg4+ 46. Kh3 Nf3 47. Rf5 Ng1+ 48. Kh2 b3 49. Rf2+ Ka3 50. Rf5 h4 51. Ra5+ Kb4 0-1


[Site "https://www.chess.com"]

[Event "Titled Tuesday Blitz July 4 Late 2023"]
[White "Toolin, Christopher"]
[Black "Papp, Levente"]
[WhiteFideId "2024543"]
[BlackFideId "751243"]
[WhiteElo "2429"]
[BlackElo "2683"]
[Result "0-1"]
[Round "8"]
[TimeControl "180+2"]
[Date "2023.07.04"]
[WhiteClock "0:00:05"]
[BlackClock "0:00:09"]
[Board "41"]

1. c4 b6 2. Nc3 Bb7 3. Nf3 Nf6 4. d3 g6 5. g3 Bg7 6. Bg2 O-O 7. O-O c5 8. Rb1 d6 9. a3 Nbd7 10. Bd2 e6 11. Bf4 Qe7 12. b4 Rfd8 13. Nb5 Nf8 14. e4 e5 15. Be3 Ne6 16. Ng5 Nd4 17. Bxd4 cxd4 18. a4 a6 19. Na3 Nd7 20. f4 a5 21. bxa5 Rxa5 22. Nb5 Nc5 23. h4 h6 24. Nh3 Rxa4 25. f5 gxf5 26. Rxf5 Bc8 27. Rf2 Rf8 28. Qe2 Bd7 29. Nc7 Be6 30. Nxe6 fxe6 31. Rxb6 Ra1+ 32. Kh2 Rxf2 33. Nxf2 Ra8 34. Bh3 Rf8 35. Kg2 Kh8 36. Rb1 Na4 37. Rf1 Nc3 38. Qh5 Qf6 39. Qg4 d5 40. Qxe6 Qf3+ 41. Kh2 dxe4 42. Nxe4 Qe2+ 43. Bg2 Rxf1 44. Qc8+ Rf8 45. Qe6 Nxe4 46. dxe4 d3 47. c5 d2 48. Qd7 d1=Q 49. c6 Qxd7 50. cxd7 Rd8 51. Kh3 Rxd7 52. h5 Rd2 53. g4 Qxg2+ 54. Kh4 Qh2# 0-1


[Site "https://www.chess.com"]

[Event "Titled Tuesday Blitz July 4 Late 2023"]
[White "Skatchkov, Valery"]
[Black "Djabri, Massinas"]
[WhiteFideId "24195812"]
[BlackFideId "7905726"]
[WhiteElo "2662"]
[BlackElo "2390"]
[Result "1-0"]
[Round "8"]
[TimeControl "180+2"]
[Date "2023.07.04"]
[WhiteClock "0:01:14"]
[BlackClock "0:00:10"]
[Board "42"]

1. d4 Nf6 2. c4 e6 3. Nf3 d5 4. g3 dxc4 5. Bg2 Bb4+ 6. Nbd2 O-O 7. Qc2 a5 8. a3 Be7 9. Nxc4 b5 10. Nce5 Bb7 11. O-O Be4 12. Qc3 b4 13. Qc4 Bd5 14. Qd3 c5 15. dxc5 Bxc5 16. Bg5 h6 17. Bxf6 Qxf6 18. Rac1 Na6 19. Nd7 Qe7 20. Nxf8 Qxf8 21. axb4 Nxb4 22. Qb5 Be7 23. Ne5 Bxg2 24. Kxg2 Qb8 25. Qxb8+ Rxb8 26. Ra1 Rb5 27. Nc4 Nc6 28. Rfc1 Bf6 29. Ra2 Kh7 30. e3 Rc5 31. Raa1 Rb5 32. Nd6 Rxb2 33. Rxc6 1-0


[Site "https://www.chess.com"]

[Event "Titled Tuesday Blitz July 4 Late 2023"]
[White "Oro, Faustino"]
[Black "Taranenko, Evgueniy"]
[WhiteFideId "20000197"]
[BlackFideId "14122138"]
[WhiteElo "2804"]
[BlackElo "2400"]
[Result "1-0"]
[Round "8"]
[TimeControl "180+2"]
[Date "2023.07.04"]
[WhiteClock "0:00:48"]
[BlackClock "0:00:21"]
[Board "43"]

1. Nf3 f5 2. d4 d6 3. c4 Nf6 4. Nc3 g6 5. Bg5 Bg7 6. e3 O-O 7. Bd3 c6 8. O-O Nbd7 9. e4 fxe4 10. Nxe4 Nxe4 11. Bxe4 Nf6 12. Bd3 Qc7 13. Re1 Bg4 14. Be2 Ne4 15. Be3 c5 16. h3 Bf5 17. Bd3 Rad8 18. Qc2 cxd4 19. Nxd4 Bxd4 20. Bxd4 Nc5 21. Bxf5 Rxf5 22. Qe2 e5 23. Bc3 Rdf8 24. f3 Ne6 25. Qe4 Rg5 26. Kh2 Nf4 27. Rg1 Qc5 28. Raf1 Rf7 29. Bd2 Rgf5 30. Be3 Qc8 31. Rd1 R5f6 32. b3 b6 33. Bxf4 Rxf4 34. Qd5 Rf6 35. b4 Kg7 36. Rc1 Rc7 37. Rgd1 Qe6 38. Qd3 Kf7 39. a4 Ke7 40. c5 bxc5 41. bxc5 Rxc5 42. Rxc5 dxc5 43. Qd8+ Kf7 44. Rd7+ 1-0


[Site "https://www.chess.com"]

[Event "Titled Tuesday Blitz July 4 Late 2023"]
[White "Gorovets, Andrey"]
[Black "Rottenwohrer Suarez, Juan"]
[WhiteFideId "13504037"]
[BlackFideId "32068182"]
[WhiteElo "2742"]
[BlackElo "2536"]
[Result "1-0"]
[Round "8"]
[TimeControl "180+2"]
[Date "2023.07.04"]
[WhiteClock "0:01:41"]
[BlackClock "0:00:18"]
[Board "44"]

1. Nf3 Nf6 2. c4 g6 3. g3 Bg7 4. Bg2 b6 5. O-O Bb7 6. Nc3 O-O 7. Re1 Ne4 8. Nxe4 Bxe4 9. d3 Bb7 10. e4 c5 11. d4 cxd4 12. Nxd4 Nc6 13. Nc2 a6 14. Rb1 d6 15. b3 b5 16. Ne3 bxc4 17. Nxc4 a5 18. Bb2 Bxb2 19. Rxb2 Ne5 20. Nxe5 dxe5 21. Qxd8 Rfxd8 22. f3 Ba6 23. Bf1 Bxf1 24. Kxf1 Rac8 25. Kf2 Rc3 26. Re3 Rc1 27. a3 Rdd1 28. b4 axb4 29. axb4 Rg1 30. Ree2 Rc6 31. Kxg1 1-0


[Site "https://www.chess.com"]

[Event "Titled Tuesday Blitz July 4 Late 2023"]
[White "Erenberg, Ariel"]
[Black "Belov, Alexei"]
[WhiteFideId "2811634"]
[BlackFideId "4128206"]
[WhiteElo "2710"]
[BlackElo "2533"]
[Result "1/2-1/2"]
[Round "8"]
[TimeControl "180+2"]
[Date "2023.07.04"]
[WhiteClock "0:00:49"]
[BlackClock "0:00:21"]
[Board "45"]

1. b3 d5 2. Bb2 e6 3. g3 Nf6 4. Bg2 Be7 5. Nf3 O-O 6. O-O c5 7. d3 Nc6 8. Nbd2 b6 9. e4 Bb7 10. Qe2 Qc7 11. e5 Nd7 12. h4 d4 13. Rfe1 Rae8 14. c3 dxc3 15. Bxc3 f6 16. exf6 Bxf6 17. Bxf6 Nxf6 18. Rac1 e5 19. Nc4 Nd4 20. Nxd4 exd4 21. Qd2 Bxg2 22. Kxg2 b5 23. Na5 Nd5 24. b4 Nc3 25. Rxe8 Rxe8 26. Re1 Rf8 27. Qg5 Qf7 28. f4 h6 29. Qxc5 Qxa2+ 30. Kh3 Qf2 31. Qe5 Qf3 32. Qxd4 Ne2 33. Rxe2 Qxe2 34. Nc6 h5 35. Qd5+ Kh8 36. Ne5 Qf1+ 37. Kh2 Qf2+ 38. Kh3 Qf1+ 39. Kh2 Qf2+ 40. Kh3 Qf1+ 1/2-1/2


[Site "https://www.chess.com"]

[Event "Titled Tuesday Blitz July 4 Late 2023"]
[White "Shuvalova, Polina"]
[Black "Bilan, Danila"]
[WhiteFideId "24171760"]
[BlackFideId "24161918"]
[WhiteElo "2679"]
[BlackElo "2529"]
[Result "1-0"]
[Round "8"]
[TimeControl "180+2"]
[Date "2023.07.04"]
[WhiteClock "0:00:06"]
[BlackClock "0:00:03"]
[Board "46"]

1. f4 d5 2. Nf3 Nf6 3. g3 c5 4. Bg2 Nc6 5. O-O Bf5 6. d3 e6 7. Nbd2 h6 8. c3 Be7 9. Qe1 O-O 10. e4 dxe4 11. dxe4 Bh7 12. e5 Nd5 13. Ne4 c4 14. Kh1 Qc7 15. Bd2 b5 16. Rd1 Rad8 17. Bc1 Nb6 18. Nd4 Nxd4 19. cxd4 b4 20. g4 Nd5 21. f5 Rfe8 22. Qf2 Bf8 23. f6 c3 24. fxg7 Bxg7 25. Nd6 Rf8 26. bxc3 bxc3 27. Bf4 c2 28. Rc1 Nxf4 29. Qxf4 Qc3 30. Be4 Bg6 31. Nb5 Bxe4+ 32. Qxe4 Qc4 33. Nd6 Rxd6 34. exd6 Rc8 35. d7 Rd8 36. Rxc2 Qxd4 37. Qxd4 Bxd4 38. Rc8 Bb6 39. Rfc1 Kf8 40. Rxd8+ Bxd8 41. Rc6 Ke7 42. Ra6 Bb6 43. Kg2 Kxd7 44. Ra4 Ke7 45. Rc4 Kf6 46. h3 Kg6 47. Kf3 Kf6 48. Rf4+ Kg6 49. Ke4 Bc7 50. Rf1 Bb6 51. a4 a5 52. Rb1 Bd8 53. Rb5 Bc7 54. Rc5 Bd8 55. Rc8 Bb6 56. Rb8 Bc7 57. Rb5 Bd8 58. Kf3 Bc7 59. Rc5 Bb6 60. Rc6 Bd8 61. Kg3 Kf6 62. h4 Kg6 63. Rc5 Be7 64. Rxa5 Bd6+ 65. Kf3 Be7 66. h5+ Kf6 67. Rb5 Bd8 68. a5 Be7 69. a6 1-0


[Site "https://www.chess.com"]

[Event "Titled Tuesday Blitz July 4 Late 2023"]
[White "Moral Garcia, Serafin"]
[Black "Stoleriu, George"]
[WhiteFideId "2201925"]
[BlackFideId "1227505"]
[WhiteElo "2529"]
[BlackElo "2667"]
[Result "0-1"]
[Round "8"]
[TimeControl "180+2"]
[Date "2023.07.04"]
[WhiteClock "0:00:15"]
[BlackClock "0:00:28"]
[Board "47"]

1. e4 e6 2. d4 d5 3. Nd2 Be7 4. c3 c5 5. exd5 Qxd5 6. Ngf3 Nc6 7. Bc4 Qd7 8. Nb3 cxd4 9. Nbxd4 Nf6 10. O-O O-O 11. Nxc6 Qxc6 12. Bb3 Qc7 13. Bg5 Bd7 14. Re1 Bc6 15. Nd4 Rad8 16. Qe2 Bd5 17. Bc2 h6 18. Bh4 Rfe8 19. Qd3 g6 20. Bg3 Qb6 21. b3 Kg7 22. Rad1 Rd7 23. c4 Bc6 24. Qc3 Red8 25. Nxc6 Rxd1 26. Rxd1 Rxd1+ 27. Bxd1 Qxc6 28. Bf3 Qb6 29. h3 Kg8 30. Qe5 Nd7 31. Qc7 Qxc7 32. Bxc7 b6 33. Bc6 Nf6 34. Bb8 a5 35. Bc7 Bc5 36. Kf1 Kf8 37. Ke2 Ke7 38. f3 Nh5 39. g4 Nf6 40. Bf4 g5 41. Bd2 Kd6 42. Bb7 Kc7 43. Ba8 Kb8 44. Be4 Nxe4 45. fxe4 Kc7 46. Bc3 Bf8 47. a3 Bxa3 48. Bg7 Be7 49. Bxh6 Kd6 50. Bg7 f6 51. Ke3 e5 52. Kd3 Ke6 53. h4 Kf7 54. Bh6 Kg6 55. hxg5 fxg5 0-1


[Site "https://www.chess.com"]

[Event "Titled Tuesday Blitz July 4 Late 2023"]
[White "Andrej2004"]
[Black "Camacho Collados, Marcos"]
[BlackFideId "2266237"]
[WhiteElo "2658"]
[BlackElo "2527"]
[Result "1-0"]
[Round "8"]
[TimeControl "180+2"]
[Date "2023.07.04"]
[WhiteClock "0:01:22"]
[BlackClock "0:00:25"]
[Board "48"]

1. g3 e5 2. Bg2 Nc6 3. c4 h5 4. h3 Bc5 5. Nc3 Nge7 6. d3 d6 7. Nf3 Ng6 8. Bg5 f6 9. Bd2 h4 10. g4 Be6 11. Qc2 Qd7 12. d4 Nxd4 13. Nxd4 exd4 14. Qxg6+ Bf7 15. Qe4+ Kf8 16. Qxb7 Re8 17. Nd5 Qe6 18. Bf3 d3 19. Nxc7 Qxc4 20. Nxe8 Bxe8 21. Qd5 Qa6 22. Qxd3 Bb5 23. Qe4 Kf7 24. Qd5+ Kf8 25. O-O Be8 26. Rac1 Qb5 27. b4 Bf7 28. Qa8+ 1-0


[Site "https://www.chess.com"]

[Event "Titled Tuesday Blitz July 4 Late 2023"]
[White "Fisher_TheGalactic"]
[Black "Hamitevici, Vladimir"]
[BlackFideId "13902393"]
[WhiteElo "2658"]
[BlackElo "2503"]
[Result "1-0"]
[Round "8"]
[TimeControl "180+2"]
[Date "2023.07.04"]
[WhiteClock "0:02:08"]
[BlackClock "0:00:05"]
[Board "49"]

1. Nf3 f5 2. g3 Nf6 3. Bg2 g6 4. O-O Bg7 5. d3 d6 6. Nbd2 O-O 7. e3 e5 8. c3 c5 9. Ng5 Qe7 10. f4 h6 11. Qb3+ Kh8 12. Ngf3 Be6 13. Nh4 Kh7 14. Qxb7 Nbd7 15. e4 Rfb8 16. Qa6 Rb6 17. Qa3 fxe4 18. Nxe4 Nxe4 19. Bxe4 d5 20. Nxg6 Qd8 21. Nf8+ Kg8 22. Nxe6 1-0


[Site "https://www.chess.com"]

[Event "Titled Tuesday Blitz July 4 Late 2023"]
[White "Horcajuelo Rocamora, Martin"]
[Black "Fantastic_Power"]
[WhiteFideId "24573027"]
[WhiteElo "2504"]
[BlackElo "2653"]
[Result "0-1"]
[Round "8"]
[TimeControl "180+2"]
[Date "2023.07.04"]
[WhiteClock "0:00:40"]
[BlackClock "0:00:03"]
[Board "50"]

1. e4 c5 2. Nf3 e6 3. d4 cxd4 4. Nxd4 Nf6 5. Nc3 Nc6 6. Nxc6 bxc6 7. e5 Nd5 8. Ne4 Qc7 9. f4 Rb8 10. c4 Bb4+ 11. Ke2 O-O 12. cxd5 cxd5 13. Nd6 f6 14. Nxc8 fxe5 15. Be3 exf4 16. Rc1 Qe5 17. Qd4 Qh5+ 18. Kd3 Qg6+ 19. Ke2 Qg4+ 20. Kd3 Qg6+ 21. Ke2 fxe3 22. a3 Rf2+ 23. Kxe3 Rd2 24. Qxb4 Qg5+ 25. Qf4 d4+ 26. Ke4 d5+ 27. Kf3 Rf2+ 28. Kxf2 Qxf4+ 29. Ke2 Qxc1 30. Nd6 Rxb2+ 31. Kf3 Qd1+ 32. Kg3 Qe1+ 33. Kh3 Qe3+ 34. g3 Qe5 35. Nb5 Qf5+ 36. g4 Qf3+ 37. Kh4 Qxh1 38. Bh3 Qxh2 39. Kg5 h6+ 40. Kg6 Qxh3 41. Nd6 Qxg4# 0-1


[Site "https://www.chess.com"]

[Event "Titled Tuesday Blitz July 4 Late 2023"]
[White "Zhang, Derek"]
[Black "Domingo Nunez, Ruben"]
[WhiteFideId "2087871"]
[BlackFideId "22245570"]
[WhiteElo "2496"]
[BlackElo "2626"]
[Result "1-0"]
[Round "8"]
[TimeControl "180+2"]
[Date "2023.07.04"]
[WhiteClock "0:00:09"]
[BlackClock "0:00:15"]
[Board "51"]

1. Nf3 g6 2. c4 Bg7 3. Nc3 d6 4. d4 Nd7 5. e4 Ngf6 6. h3 e5 7. d5 a5 8. Be3 Nc5 9. Qc2 h5 10. Be2 b6 11. Nd2 Bh6 12. O-O-O Bxe3 13. fxe3 Bd7 14. Rdf1 Qe7 15. Rf2 O-O 16. Rg1 h4 17. g3 hxg3 18. Rxg3 Kg7 19. Qd1 Nh7 20. Qg1 Qh4 21. Nf3 Qh6 22. Kd2 Nf6 23. Ng5 Qh4 24. Bd3 c6 25. Rgf3 Ng4 26. Rxf7+ Rxf7 27. Rxf7+ Kg8 28. Rxd7 Nxd7 29. Qxg4 Qxg4 30. hxg4 Rc8 31. dxc6 Rxc6 32. Nd5 Kg7 33. Ne6+ Kh7 34. Ne7 Rc5 35. Nxc5 Nxc5 36. Nd5 Nd7 37. a3 Kh6 38. Ke2 Kg5 39. Kf3 Kh4 40. b4 Kh3 41. Bc2 Nf8 42. Nxb6 axb4 43. axb4 Ne6 44. Nc8 Ng5+ 45. Ke2 Nf7 46. b5 Kxg4 47. b6 Nd8 48. Nxd6 Nc6 49. Ba4 Nb8 50. c5 Kg3 51. c6 g5 52. c7 1-0


[Site "https://www.chess.com"]